 Dungeon Crawl Stone Soup version 0.32-a0-900-g30fb1b0edc (webtiles) character file.

Game seed: 16759445595033164672

6934 riojii the Cleaver (level 11, -10/91 HPs)
             Began as a Coglin Berserker on Apr 5, 2024.
             Was a High Priest of Trog.
             Mangled by a death yak (13 damage)
             ... on level 9 of the Dungeon.
             The game lasted 00:17:46 (8927 turns).

riojii the Cleaver (Coglin Berserker)               Turns: 8927, Time: 00:17:47

Health: -10/91     AC: 20    Str: 21    XL:     11   Next: 7%
Magic:  11/11      EV:  7    Int:  7    God:    Trog [*****.]
Gold:   722        SH:  0    Dex: 14    Spells: 10/10 levels left

rFire   . . .        a - +1 hand axe {Adela}
rCold   . . .        B - +3 war axe (heavy) {Aahotepre}
rNeg    . . .        D - +0 plate armour
rPois   .            h - +2 hat
rElec   .            e - +0 cloak
rCorr   .            n - +0 pair of gloves
SInv    .            k - +2 pair of boots
Will    .....        (amulet unavailable) Stlth
                     (ring unavailable)
HPRegen 0.35/turn    (ring unavailable)
MPRegen 0.12/turn    (no gizmo)

%: no passive effects
@: revved
A: off-hand wielding, slow wielding, warmup strikes, no jewellery
a: Invent Gizmo, Renounce Religion, Berserk, Trog's Hand, Brothers in Arms


You were on level 9 of the Dungeon.
You worshipped Trog.
Trog was extremely pleased with you.
You visited 1 branch of the dungeon, and saw 9 of its levels.
You also visited: Ossuary.

You collected 722 gold pieces.

Inventory:

Hand Weapons
 a - a +1 hand axe (weapon) {Adela}
 B - a +3 heavy war axe (offhand) {Aahotepre}
Armour
 e - a +0 cloak (worn)
 h - a +2 hat (worn)
 k - a +2 pair of boots (worn)
 n - a +0 pair of gloves (worn)
 D - a +0 plate armour (worn)
Wands
 b - a wand of digging (3)
 u - a wand of quicksilver (10)
 y - a wand of flame (23)
 z - a wand of iceblast (17)
Scrolls
 m - 3 scrolls of teleportation
 v - a scroll of enchant weapon
Potions
 c - 4 potions of cancellation
 d - 3 potions of curing
 f - 8 potions of lignification
 i - 4 potions of haste
 l - 2 potions of might {unknown}
 p - a potion of magic {unknown}
 q - 3 potions of degeneration {unknown}
 r - 2 potions of attraction {unknown}
 s - a potion of heal wounds {unknown}
 t - a potion of enlightenment {unknown}
 w - a potion of ambrosia {unknown}


   Skills:
 * Level 10.2 Fighting
 * Level 10.2 Axes
 + Level 6.3 Armour
 + Level 6.3 Dodging


You had 10 spell levels left.
You didn't know any spells.
Your spell library was empty.

Dungeon Overview and Level Annotations

Branches:
Dungeon (9/15)             Temple (0/1) D:5            Lair (0/5) D:9
Ossuary (visited)
    Orc: D:9-12

Altars:
Fedhas
Hepliaklqana
Trog
Wu Jian
The Shining One


Innate Abilities, Weirdness & Mutations

You can wield a second weapon in your off-hand.
It takes a long time for you to wield or remove held weapons.
Your first few attacks do less damage.
You cannot equip rings or amulets.


Message History

You hit the death yak with your +1 hand axe.
The death yak is lightly wounded.
You barely miss the death yak with your +3 heavy war axe.
The death yak gores you!
You hit the death yak with your +1 hand axe.
The death yak is lightly wounded.
You hit the death yak with your +3 heavy war axe.
The death yak gores you!
The yak snorts and paws the ground.
You hit the death yak but do no damage.
The death yak is moderately wounded.
You hit the death yak with your +3 heavy war axe.
The death yak gores you!
You hit the death yak but do no damage.
The death yak is moderately wounded.
You hit the death yak but do no damage.
The death yak gores you but does no damage.
The death yak gores you!!
* * * LOW HITPOINT WARNING * * *
You hit the death yak with your +3 heavy war axe.
The death yak is moderately wounded.
You hit the death yak with your +1 hand axe.
The death yak gores you!!
* * * LOW HITPOINT WARNING * * *
You feel better. The yak gores you but does no damage.
The death yak gores you but does no damage.
The yak attacks as it pursues you! The yak gores you!
* * * LOW HITPOINT WARNING * * *
As you read the scroll labelled ROIVISHAOPT, it crumbles to dust.
It is a scroll of amnesia.
You feel forgetful for a moment. The yak closely misses you.
The death yak barely misses you.
You hit the death yak with your +3 heavy war axe.
The death yak is moderately wounded.
You barely miss the yak with your +3 heavy war axe.
You slash the death yak with your +1 hand axe!
You hit the yak with your +1 hand axe. The yak gores you!
* * * LOW HITPOINT WARNING * * *
The death yak gores you!
You die...

##############...####..####
...........................
........).....Y†........####
..........Y.................
........<.Y########.....###
...........##....##.....#
....##......#...........#
######......#...)Y†.....#
....##.....##...@Y......#
....#########...........##
..<..#...................#####
....##...........##..........#
....##.....##..............#.#
....#......##................#
....#.......#................#
....#.......#......#.........#
....#.......#.....#..>..#..###


You could see a death yak and a yak.

Vanquished Creatures
  3 two-headed ogres
  A death yak (D:8)
  Maggie (D:8)
  Psyche (D:8)
  A troll (D:6)
  A hornet (D:9)
  Grinder (D:4)
  A slime creature (D:9)
  A wraith (D:8)
  6 yaks (D:9)
  A water moccasin (D:6)
  An orc warrior (D:7)
  An ice beast (D:8)
  A black bear (D:9)
  2 centaurs
  A kobold brigand (D:8)
  2 bullfrogs
  5 wights (D:7)
  A howler monkey (D:6)
  4 bombardier beetles
  2 hounds (D:7)
  3 jellies (D:9)
  2 orc priests
  A gnoll bouda (D:8)
  3 iguanas
  A sleepcap (D:6)
  Natasha (thrice) (D:4)
  10 orc wizards
  A hell rat (D:9)
  8 mummies (Ossuary)
  15 gnolls
  5 adders
  3 shadow imps
  A white imp (D:7)
  2 ufetubi (D:6)
  3 dart slugs
  A ribbon worm (D:2)
  25 orcs
  7 ball pythons
  7 bats
  28 endoplasms
  3 giant cockroaches
  9 goblins
  8 hobgoblins
  8 jackals
  3 quokkas
  4 frilled lizards
  A gnoll zombie (Ossuary)
  2 goblin zombies (D:4)
  A hobgoblin zombie (Ossuary)
  13 kobolds
  4 kobold zombies (Ossuary)
  2 orc zombies (Ossuary)
  3 rats
228 creatures vanquished.

Notes
Turn   | Place    | Note
-------+----------+-------------------------------------------
     0 | D:1      | riojii the Coglin Berserker began the quest for the Orb.
     0 | D:1      | Reached XP level 1. HP: 18/18 MP: 1/1
    74 | D:1      | Reached XP level 2. HP: 17/24 MP: 2/2
   515 | D:1      | Found a faded altar of an unknown god.
   552 | D:1      | Reached XP level 3. HP: 22/29 MP: 3/3
  1101 | D:2      | Reached ** piety under Trog
  1109 | D:2      | Identified the +1 robe "Qingufel" {Rampage rC+ Int+3}
  1701 | D:3      | Identified the +2 leather armour of Yredelemnul {rC+ Str+3
                  | Int-3}
  1818 | D:3      | Reached XP level 4. HP: 37/37 MP: 4/4
  1975 | D:3      | Found a hazy altar of Hepliaklqana.
  1985 | D:3      | Found an ornate altar of the Wu Jian Council.
  2058 | D:3      | Found a glowing golden altar of the Shining One.
  2127 | D:3      | Found a bloodstained altar of Trog.
  2213 | D:3      | Reached XP level 5. HP: 24/42 MP: 5/5
  2782 | D:4      | Noticed Natasha
  2790 | D:4      | Killed Natasha
  2845 | D:4      | Found a sand-covered staircase.
  2852 | Ossuary  | Entered an ossuary
  2859 | Ossuary  | Reached *** piety under Trog
  2931 | Ossuary  | Reached XP level 6. HP: 9/49 MP: 6/6
  3327 | D:4      | Noticed Natasha
  3332 | D:4      | Killed Natasha
  3542 | D:4      | Noticed Grinder
  3552 | D:4      | Killed Grinder
  3553 | D:4      | Reached skill level 5 in Fighting
  3553 | D:4      | Reached skill level 5 in Axes
  3553 | D:4      | Reached XP level 7. HP: 51/56 MP: 7/7
  3638 | D:4      | Noticed Natasha
  3644 | D:4      | Killed Natasha
  3771 | D:5      | Entered Level 5 of the Dungeon
  4037 | D:5      | Found a staircase to the Ecumenical Temple.
  4672 | D:6      | Found a blossoming altar of Fedhas.
  4936 | D:6      | Reached XP level 8. HP: 62/64 MP: 8/8
  5548 | D:6      | Noticed a troll
  5557 | D:6      | Reached **** piety under Trog
  5566 | D:6      | Killed a troll
  6302 | D:7      | Reached XP level 9. HP: 72/72 MP: 9/9
  7146 | D:8      | Noticed a two-headed ogre
  7154 | D:8      | Killed a two-headed ogre
  7155 | D:8      | Reached skill level 5 in Armour
  7155 | D:8      | Reached skill level 5 in Dodging
  7165 | D:8      | Noticed Maggie
  7171 | D:8      | Killed Maggie
  7483 | D:8      | Noticed Psyche
  7488 | D:8      | Killed Psyche
  7489 | D:8      | Reached XP level 10. HP: 61/82 MP: 10/10
  8125 | D:9      | Noticed a two-headed ogre
  8129 | D:9      | Killed a two-headed ogre
  8145 | D:9      | Noticed a two-headed ogre
  8150 | D:9      | Killed a two-headed ogre
  8321 | D:9      | Noticed a death yak
  8363 | D:9      | Noticed a death yak
  8385 | D:8      | Killed a death yak
  8594 | D:9      | Reached ***** piety under Trog
  8638 | D:9      | Found a staircase to the Lair.
  8685 | D:9      | Reached skill level 10 in Fighting
  8685 | D:9      | Reached skill level 10 in Axes
  8687 | D:9      | Reached XP level 11. HP: 90/90 MP: 11/11
  8927 | D:9      | HP: 3/91 [yak (9)]
  8927 | D:9      | Mangled by a death yak

Illustrated notes

Levels and vault maps discovered:
D:1:      minmay_arrival_glassed_features, layout_loops_ring,
          shapermc_ecumenical_altar_mp_vishouse
D:2:      layout_basic
D:3:      layout_loops_cross, lemuel_coloured_pillars_altar,
          mainiacjoe_overflow_chevrons, jmf_multi_god_temple2
D:4:      layout_loops_ring, enter_ossuary_4, uniq_grinder, uniq_natasha
D:5:      layout_loops_ring, temple_fountains, minivault_1
D:6:      layout_loops_corners, fedhas_bush_and_centaur_altar
D:7:      layout_gridville
D:8:      layout_loops_ring, uniq_psyche, uniq_maggie
D:9:      lemuel_slime, layout_gridville, mainiacjoe_overflow_boulevard,
          dpeg_lair_monsters

Skill      XL: |  1  2  3  4  5  6  7  8  9 10 |
---------------+-------------------------------+-----
Armour         | 2 3 4 5 6 |  6.3
Dodging        | 2 3 4 5 6 |  6.3
Fighting       | 4 5 7 8 10 | 10.2
Axes           | 4 5 7 8 10 | 10.2

Action                     |  1- 3 |  4- 6 |  7- 9 | 10-12 || total
---------------------------+-------+-------+-------+-------++-------
  Melee: Hand axe          |    75 |   144 |   464 |    92 ||   775
         Dagger            |    72 |   144 |    28 |       ||   244
         War axe           |       |       |    46 |   111 ||   157
    Use: Scroll            |     3 |     2 |     5 |     5 ||    15
         Potion            |       |       |     1 |     1 ||     2
   Stab: Distracted        |     1 |       |       |       ||     1
 Armour: Animal skin       |    30 |       |       |       ||    30
         Leather armour    |    13 |       |       |       ||    13
         Chain mail        |     5 |    31 |       |       ||    36
         Ring mail         |       |    53 |   226 |    12 ||   291
         Plate armour      |       |       |       |    68 ||    68
  Dodge: Dodged            |    57 |    56 |   167 |    24 ||   304

Table legend: (Time is in decaauts)
 A = Elapsed time spent in this place.
 B = Non-inter-level travel time spent in this place.
 C = Inter-level travel time spent in this place.
 D = Time resting spent in this place.
 E = Time spent auto-exploring this place.
 F = Levels seen in this place.
 G = Mean time per level.
                   A        B        C        D        E       F      G
               +--------+--------+--------+--------+--------+-----+--------+
         Total |   8949 |   8397 |    552 |     18 |   6784 |  10 |  894.9 |
       Dungeon |   8507 |   7955 |    552 |     18 |   6447 |   9 |  945.2 |
       Ossuary |    442 |    442 |      0 |      0 |    337 |   1 |  442.0 |
               +--------+--------+--------+--------+--------+-----+--------+

Top non-repeatable levels by time:
     D:6: 1619 daAuts
     D:8: 1288 daAuts
     D:7: 993 daAuts
     D:1: 901 daAuts
     D:3: 848 daAuts
     D:4: 807 daAuts
     D:2: 784 daAuts
     D:5: 699 daAuts
     D:9: 564 daAuts
 Ossuary: 442 daAuts
